 Dungeon Crawl Stone Soup version 0.22-a0-379-ga9d99d6 (webtiles) character file.

153343 Firecrotchwizard the Brawler (level 16, -1/172 HPs)
             Began as a Troll Monk on Apr 26, 2018.
             Was the Champion of Ru.
             Killed by the air
             ... invoked by a wind drake
              (11 damage)
             ... on level 4 of the Shoals on Apr 28, 2018.
             The game lasted 01:20:23 (28209 turns).

Firecrotchwizard the Brawler (Troll Monk)          Turns: 28209, Time: 01:20:23

Health: -1/172     AC: 19    Str: 32    XL:     16   Next: 75%
Magic:  9/15       EV:  9    Int:  6    God:    Ru [******]
Gold:   2095       SH: 11    Dex: 14    Spells: 15/15 levels left

rFire    x . .     SeeInvis .     - Unarmed
rCold    x . .     Gourm    +   S - +0 shield {reflect}
rNeg     . . .     Faith    .   L - +0 steam dragon scales
rPois    .         Spirit   .   (helmet restricted)
rElec    .         Reflect  +   D - +2 cloak {+Inv}
rCorr    .         Harm     .   (gloves unavailable)
MR       +....                  (boots unavailable)
Stlth    ..........             (no amulet)
HPRegen  0.78/turn              y - ring "Trusted Companion" {Str+6 Slay+5}
MPRegen  0.14/turn              v - +5 ring of protection

@: exhausted, engulfed (cannot breathe), studying 2 skills, drained
A: large, unfitting armour, claws 3, fast metabolism 3, gourmand, regeneration
1, shaggy fur 1, tough skin 2, no stealth, hated by all, no charms magic, no
fire magic, no hexes magic, inexperienced 1, temperature sensitive
}: 1/15 runes: barnacled
a: Draw Out Power, Power Leap, Apocalypse, Renounce Religion, Evoke Invisibility


You were on level 4 of the Shoals.
You worshipped Ru.
Ru was exalted by your worship.
You were completely stuffed.

You visited 4 branches of the dungeon, and saw 27 of its levels.
You also visited: Labyrinth, Sewer and Ossuary.

You collected 2732 gold pieces.
You spent 637 gold pieces at shops.

Inventory:

Missiles
 a - 19 large rocks (quivered) {!d}
 t - a throwing net {=f, !d}
Armour
 D - a +2 cloak of invisibility (worn)
   (You found it on level 6 of the Lair of Beasts)
 L - +0 steam dragon scales (worn)
   (You found it on level 11 of the Dungeon)
 R - a +4 shield of protection
   (You bought it in a shop on level 7 of the Dungeon)
 S - a +0 shield of reflection (worn)
   (You acquired it on level 3 of the Shoals)
Magical Staves
 e - an uncursed staff of summoning {unknown}
   (You found it on level 14 of the Dungeon)
Jewellery
 m - an uncursed ring of see invisible {sInv, !d}
   (You found it on level 1 of the Shoals)
 p - an uncursed ring of fire {rF+, rC-}
   (You found it on level 3 of the Dungeon)
 q - an uncursed ring of flight {+Fly, !d}
   (You found it on level 2 of the Dungeon)
 v - a +5 ring of protection (right claw)
   (You took it off a kobold on level 10 of the Dungeon)
 y - the ring "Trusted Companion" (left claw) {Str+6 Slay+5}
   (You found it on level 3 of the Shoals)

   [ring of strength]

   It affects your strength (+6).
   It affects your accuracy and damage with ranged weapons and melee attacks
   (+5).
 B - the ring "Yryush" {rElec EV+1}
   (You found it on level 5 of the Dungeon)

   [ring of evasion]

   It affects your evasion (+1).
   It insulates you from electricity.
 N - the ring of the Vanishing Shrikes {Int+5 Slay+2 Stlth+}
   (You found it on level 11 of the Dungeon)

   [ring of stealth]

   It affects your intelligence (+5).
   It affects your accuracy and damage with ranged weapons and melee attacks
   (+2).
   It makes you more stealthy.
 T - an uncursed ring of fire {rF+, rC-}
   (You found it in a labyrinth)
Wands
 n - a wand of acid (23)
   (You found it on level 12 of the Dungeon)
 s - a wand of polymorph (20)
   (You found it on level 3 of the Shoals)
 O - a wand of iceblast (4)
   (You found it in a labyrinth)
 P - a wand of digging (14)
   (You found it on level 2 of the Lair of Beasts)
 X - a wand of disintegration (6) {@e1}
   (You found it in a labyrinth)
Scrolls
 i - 5 scrolls of fear
 k - 16 scrolls of teleportation
 l - 13 scrolls of identify
 u - 9 scrolls of blinking {!r}
 w - 12 scrolls of remove curse
 x - 4 scrolls of magic mapping {!r}
 C - 3 scrolls of amnesia
 J - 7 scrolls of immolation {!r}
 M - 2 scrolls of fog
Potions
 c - 12 potions of curing
 d - 4 potions of haste
 g - 6 potions of brilliance
 h - 5 potions of cancellation {unknown}
 j - 4 potions of flight
 o - 8 potions of lignification {!q}
 r - 13 potions of heal wounds
 E - 4 potions of agility
 F - 3 potions of might
 G - 2 potions of ambrosia {unknown}
 H - 5 potions of mutation {!q}
 I - 3 potions of berserk rage {unknown}
 K - 3 potions of invisibility {unknown}
Books
 A - a manual of Transmutations {!d}
   (You found it on level 4 of the Lair of Beasts)
 V - a manual of Armour {!d}
   (You found it in a labyrinth)
Miscellaneous
 f - a fan of gales
   (You found it in a labyrinth)
 Q - a lightning rod (4/4)
   (You found it on level 2 of the Lair of Beasts)
Comestibles
 b - 48 rations {@e1}


   Skills:
 - Level 14.3(13.2) Fighting
 - Level 12.9(11.9) Armour
 - Level 2.5(1.7) Dodging
 + Level 7.6(6.7) Shields
 - Level 19.3(18.1) Unarmed Combat


You had 15 spell levels left.
You didn't know any spells.

Dungeon Overview and Level Annotations

Branches:
Dungeon (15/15)            Temple (0/1) D:6            Lair (6/6) D:11
 Shoals (4/4) Lair:4       Spider (0/4) Lair:4        Slime (0/5) Lair:5
    Orc (2/2) D:11            Elf (0/3) Orc:2        Vaults (0/5) D:14
 Depths: D:15

Altars:
Cheibriados
Elyvilon
Kikubaaqudgha
Ru
Trog
Uskayaw

Shops:
D:7 *   D:8 =   D:13 *   Orc:2 [((}[

Annotations:
D:3 exclusion: Sigmund, Sigmund
D:5 1 runed door
D:15 Azrael


Innate Abilities, Weirdness & Mutations

You are too large for most types of armour.
You have claws for hands.
Your metabolism is lightning-fast.
You like to eat raw meat.
Your natural rate of healing is unusually fast.
You are covered in fur. (AC +1)
You have very tough skin. (AC +2)
You cannot be stealthy.
You are hated by all.
You cannot study or cast Charms magic.
You cannot study or cast Fire magic.
You cannot study or cast Hexes magic.
You are somewhat inexperienced. (-2 XL)
You are sensitive to extremes of temperature. (rF-, rC-)


Message History

You reflect the javelin off your +0 shield of reflection!
The javelin hits the merfolk javelineer!
A water elemental comes into view.
The faun shouts!
The satyr shoots an arrow.
The arrow hits you but does no damage. You block the merfolk's attack.
You see here an arrow.
The helpless faun fails to defend itself.
You claw the faun!
You kill the faun!
The faun unwields an uncursed club.
The faun wields a hunting sling.
The faun shoots a sling bullet.
You reflect the sling bullet off your +0 shield of reflection!
The sling bullet completely misses the faun.
You redirect the faun's attack!
The faun unwields an uncursed quarterstaff.
The faun wields a hunting sling.
The faun shoots a stone.
The stone closely misses the merfolk javelineer.
The stone hits the merfolk impaler!
The satyr shoots an arrow.
The arrow hits you!!
You focus your will and paralyse the satyr in retribution!
You block the merfolk's attack.
A wind drake comes into view.
The merfolk javelineer throws a javelin.
The javelin hits you. 2 merfolk come into view.
Items here: (( )) a javelin; a quarterstaff; a hunting sling; 18 stones You take 31 damage, and have 104/172 hp.
The merfolk impaler is no longer paralysed.
The merfolk hits you with a trident!
The faun begins to cast a spell, but is stunned by your will!
The merfolk impaler hits you with a trident of venom!
You are poisoned.
The merfolk javelineer throws a javelin.
The javelin hits you.
You see here a javelin.
You take 20 damage, and have 84/172 hp.
You scratch the merfolk impaler.
You feel sick.
The merfolk impaler hits you but does no damage.
You are more poisoned.
The wind drake begins to attack, but is stunned by your will!
You block the merfolk's attack.
The merfolk impaler hits you with a trident of venom!
You are more poisoned.
You focus your will and blind the merfolk impaler in retribution!
You take 10 damage, and have 74/172 hp.
You miss the merfolk impaler.
You feel sick. You block the merfolk's attack.
You take 2 damage, and have 72/172 hp.
You catch the helpless merfolk impaler completely off-guard!
You eviscerate the merfolk impaler!!!
You kill the merfolk impaler!
You feel sick.
You block the merfolk javelineer's attack.
You feel very sick.
The merfolk hits you but does no damage.
You block the merfolk javelineer's attack.
The wind drake flaps its wings at you. The air twists around and strikes you!
You focus your will and blind the wind drake in retribution!
You take 5 damage, and have 67/172 hp.
You feel very sick.
The faun begins to cast a spell, but is stunned by your will!
The merfolk javelineer hits you from afar with a spear of venom!
You are more poisoned.
The faun is stunned by your will and fails to attack.
You block the water elemental's attack.
You see here a barnacled rune of Zot.
You take 12 damage, and have 55/172 hp.
You pick up the barnacled rune and feel its power.
Press } to see all the runes you have collected.
You feel very sick.
The merfolk aquamancer is no longer paralysed.
The satyr is no longer paralysed.
The faun no longer looks unusually strong.
The merfolk barely misses you.
The satyr shoots an arrow.
The arrow hits you!!
* * * LOW HITPOINT WARNING * * *
The faun begins to cast a spell, but is stunned by your will!
You block the wind drake's attack.
The merfolk is stunned by your will and fails to attack.
You block the merfolk's attack.
You block the merfolk javelineer's attack.
The water elemental hits you!
* * * LOW HITPOINT WARNING * * *
The water elemental engulfs you in water!
You take 46 damage, and have 9/172 hp.
MASSIVE DAMAGE!!
Really read
u - 9 scrolls of blinking {!r}? [Y]es or [N]o only, please.
Really read
u - 9 scrolls of blinking {!r}? [Y]es or [N]o only, please.
Really read
u - 9 scrolls of blinking {!r}?
You cannot read scrolls while unable to breathe!
You feel better.
* * * LOW HITPOINT WARNING * * *
Your lungs strain for air!
You focus your will and slow the water elemental in retribution!
The wind drake flaps its wings at you. The air twists around and strikes you!
You die...

≈≈≈≈≈......... ≈≈≈≈≈≈≈§≈≈≈≈≈
#≈.≈.....(..........≈≈≈≈≈≈≈≈PP.
##......c...........≈.≈≈≈≈P≈≈.P
........... ..P.P..m..≈≈≈≈≈≈P≈≈
......c...###P..(.≈...≈≈≈..≈≈PP
..........##P.c.##....≈≈≈P#P.P≈
)..........#.mmm.P....≈≈≈....PP
...c...((...c.E..P.P≈≈≈≈≈.≈PP≈P
........(#((mk@)...#
.#....))<≈≈()(.....P≈≈
#......≈...(....#..≈≈
##..)...).##.c.P# ≈≈≈
.............P(## ≈
.......<.....mP...
...................
..................
...............


You could see a merfolk javelineer, a satyr, a merfolk aquamancer, a wind drake
(blind), 3 merfolk, 2 fauns and a water elemental.

Vanquished Creatures
  Rupert (Lair:3)
  Polyphemus (Shoals:3)
  Agnes (D:14)
  An orc warlord (Orc:1)
  4 dire elephants (Lair:6)
  Nessos (Lair:6)
  A minotaur (Lab)
  A merfolk javelineer (Shoals:4)
  A yaktaur captain (D:14)
  5 merfolk impalers
  11 hydras
  2 catoblepae
  An alligator snapping turtle (Shoals:3)
  Erica (D:9)
  A centaur warrior (D:13)
  4 merfolk avatars
  An anaconda (Lair:6)
  A merfolk aquamancer (Shoals:3)
  14 two-headed ogres
  A death yak (Shoals:3)
  4 ogre magi
  A satyr (Shoals:3)
  Nergalle (Lair:3)
  2 unseen horrors
  The ghost of WiseOSalty the Slinger, a novice HaHu of Okawaru (D:7)
  2 deep trolls (Orc:2)
  8 sea snakes
  22 harpies
  2 deep elf magi
  An orc sorcerer (Orc:1)
  6 ugly things
  9 manticores
  2 cyclopes
  18 fauns
  2 slime creatures (D:13)
  A black mamba (shapeshifter) (D:14)
  2 water nymphs
  11 merfolk sirens
  7 elephants (Lair:6)
  2 black mambas (Lair:5)
  2 gargoyles
  Psyche (D:8)
  A torpor snail (Lair:3)
  2 centaur skeletons (D:13)
  7 spiny frogs
  An efreet (D:14)
  7 rime drakes
  A rime drake (shapeshifter) (D:13)
  3 kobold demonologists
  2 yaktaurs (D:14)
  9 komodo dragons
  23 merfolk
  A queen bee (Lair:2)
  9 trolls
  A hornet (D:10)
  A polar bear (Lair:3)
  A wind drake (shapeshifter) (D:13)
  12 wind drakes
  Prince Ribbit (D:8)
  Grinder (D:5)
  4 snapping turtles
  9 dream sheep
  18 blink frogs
  23 hippogriffs
  5 water elementals
  A shadow (D:13)
  A spriggan (D:7)
  8 air elementals (D:14)
  A vampire (D:11)
  Eustachio (D:6)
  40 yaks
  7 wyverns
  8 basilisks
  A steam dragon (D:11)
  3 hungry ghosts
  14 insubstantial wisps (D:14)
  Menkaure (D:6)
  3 wargs
  9 water moccasins
  3 hell hounds
  10 porcupines
  2 black bears (D:8)
  A swamp drake (D:11)
  3 ice beasts
  A hornet zombie (D:12)
  3 eyes of draining
  A necrophage (D:13)
  15 orc warriors
  6 sky beasts
  4 phantoms
  5 centaurs
  16 wolves
  36 ogres
  9 crocodiles
  Blork the orc (D:6)
  8 big kobolds
  15 bullfrogs
  2 wyvern zombies
  A wyvern skeleton (D:14)
  5 scorpions
  23 killer bees (Lair:2)
  12 wights
  3 howler monkeys
  6 electric eels (D:10)
  2 centaur zombies
  3 bullfrog zombies
  4 lava snakes (Lab)
  9 crimson imps
  2 quasits
  4 jellies
  6 orc priests
  27 orc wizards
  2 human zombies (Ossuary)
  A bullfrog skeleton (D:11)
  3 hounds
  5 iguanas
  7 worker ants
  4 big kobold zombies
  A hound skeleton (D:9)
  A hound zombie (D:7)
  4 mummies (Ossuary)
  3 gnolls (D:6)
  15 adders
  3 river rats (D:6)
  9 shadow imps
  2 ufetubi (Sewer)
  6 oozes
  3 adder zombies
  5 worms
  3 dart slugs
  3 leopard geckos
  79 orcs
  4 giant cockroaches
  7 goblins
  7 hobgoblins
  10 jackals
  4 quokkas
  3 ball pythons
  9 bats
  5 frilled lizards
  A goblin zombie (Ossuary)
  56 kobolds
  4 kobold zombies
  A leopard gecko zombie (D:8)
  An orc zombie (Ossuary)
  6 rats
  34 plants
960 creatures vanquished.

Vanquished Creatures (others)
  A merfolk aquamancer (Shoals:4)
  A cyclops (Orc:2)
  A centaur skeleton (D:11)
  A slime creature (D:13)
  A hippogriff (Lair:1)
  A wyvern (D:11)
  A human (D:5)
  A killer bee (Lair:2)
  A shadow imp (D:10)
  12 ball lightnings (D:14)
  3 orcs
  A bat zombie (Sewer)
  A quokka (D:3)
  8 fungi
  13 plants
  8 tentacles (Shoals:3)
55 creatures vanquished.

Grand Total: 1015 creatures vanquished

Notes
Turn   | Place    | Note
-------+----------+-------------------------------------------
     0 | D:1      | Firecrotchwizard the Troll Monk began the quest for the Orb.
     0 | D:1      | Reached XP level 1. HP: 22/22 MP: 0/0
   162 | D:1      | Reached XP level 2. HP: 29/29 MP: 1/1
   652 | D:2      | Reached XP level 3. HP: 33/36 MP: 2/2
   779 | D:2      | Reached skill level 4 in Unarmed Combat
   963 | D:2      | Reached skill level 3 in Fighting
   963 | D:2      | Reached XP level 4. HP: 39/45 MP: 3/3
  1018 | D:2      | Found a hide-covered altar of Uskayaw.
  1281 | D:2      | Found a snail-covered altar of Cheibriados.
  1809 | D:3      | Reached skill level 5 in Unarmed Combat
  1809 | D:3      | Reached XP level 5. HP: 45/53 MP: 4/4
  1855 | D:3      | Found a white marble altar of Elyvilon.
  1872 | D:3      | Noticed Sigmund
  2171 | D:4      | Noticed a phantom
  2197 | D:4      | Killed a phantom
  2197 | D:4      | Reached XP level 6. HP: 24/62 MP: 5/5
  2626 | D:4      | Found a sacrificial altar of Ru.
  2628 | D:4      | Became a worshipper of Ru the Awakened
  2649 | D:4      | Gained mutation: You cannot be stealthy. [Ru sacrifice]
  2649 | D:4      | Reduced skill Stealth to level 0
  2693 | D:4      | Reached skill level 6 in Unarmed Combat
  2945 | D:5      | Entered Level 5 of the Dungeon
  2956 | D:5      | Reached skill level 4 in Fighting
  2962 | D:5      | Noticed an ice beast
  2972 | D:5      | Killed an ice beast
  2972 | D:5      | Reached XP level 7. HP: 26/70 MP: 6/6
  3179 | D:5      | Reached skill level 7 in Unarmed Combat
  3212 | D:5      | Found an ancient bone altar of Kikubaaqudgha.
  3223 | D:5      | Noticed a human
  3225 | D:5      | Killed a human
  3252 | D:5      | Got a heavily runed iron ring
  3254 | D:5      | Identified the ring "Yryush" {rElec EV+1} (You found it on level 5 of the Dungeon)
  3500 | D:5      | Noticed Grinder
  3509 | D:5      | Killed Grinder
  3799 | D:5      | Reached skill level 5 in Fighting
  3799 | D:5      | Reached skill level 8 in Unarmed Combat
  3893 | D:5      | Found a runed door.
  3956 | D:6      | Reached XP level 8. HP: 80/80 MP: 7/7
  4025 | D:6      | Noticed Eustachio
  4035 | D:6      | Killed Eustachio
  4127 | D:6      | Found a staircase to the Ecumenical Temple.
  4128 | D:6      | Noticed Menkaure
  4132 | D:6      | Killed Menkaure
  4239 | D:6      | Reached skill level 9 in Unarmed Combat
  4249 | D:6      | Found a glowing drain.
  4254 | D:6      | Noticed Blork the orc
  4268 | D:6      | Killed Blork the orc
  4278 | Sewer    | Entered a sewer
  4327 | Sewer    | Gained mutation: You are somewhat inexperienced. (-2 XL) [Ru sacrifice]
  4327 | Sewer    | Reached XP level 7. HP: 74/74 MP: 6/6
  4327 | Sewer    | Reached XP level 6. HP: 67/67 MP: 5/5
  4327 | Sewer    | Reached * piety under Ru
  4327 | Sewer    | Reached ** piety under Ru
  4464 | Sewer    | Found a burning altar of Makhleb.
  4494 | Sewer    | Reached XP level 7. HP: 74/74 MP: 6/6
  5178 | D:7      | Found a sand-covered staircase.
  5183 | Ossuary  | Entered an ossuary
  5204 | Ossuary  | Reached skill level 6 in Fighting
  5438 | D:7      | Reached skill level 10 in Unarmed Combat
  5442 | D:7      | Noticed a spriggan baker
  5449 | D:7      | Killed a spriggan baker
  5454 | D:7      | Reached XP level 8. HP: 71/83 MP: 7/7
  5502 | D:7      | Noticed WiseOSalty's ghost (novice HaHu)
  5535 | D:7      | Found Qamukuen's Assorted Antiques.
  6093 | D:8      | Upgraded the game from 0.22-a0-374-g5dfd9e3 to 0.22-a0-377-g846bec1
  6308 | D:8      | Noticed a hippogriff
  6313 | D:8      | Killed a hippogriff
  6313 | D:8      | Reached skill level 11 in Unarmed Combat
  6362 | D:8      | Reached XP level 9. HP: 82/92 MP: 8/8
  6366 | D:8      | Found Heoxitisch's Jewellery Boutique.
  6383 | D:8      | Reached skill level 7 in Fighting
  6422 | D:8      | HP: 23/93 [poisoned by an orc priest]
  6427 | D:8      | HP: 21/93 [poisoned by an orc priest]
  6432 | D:8      | HP: 21/93 [poisoned by an orc priest]
  6438 | D:8      | HP: 21/93 [poisoned by an orc priest]
  6444 | D:8      | HP: 23/93 [poisoned by an orc priest]
  6582 | D:8      | Gained mutation: You are sensitive to extremes of temperature. (rF-, rC-) [Ru sacrifice]
  6582 | D:8      | Reached *** piety under Ru
  6582 | D:8      | Reached **** piety under Ru
  6582 | D:8      | Reached ***** piety under Ru
  6736 | D:8      | Found a bloodstained altar of Trog.
  6737 | D:8      | Noticed Psyche
  6755 | D:8      | Noticed Prince Ribbit
  6765 | D:8      | Killed Prince Ribbit
  6810 | D:8      | Paralysed by Psyche for 4 turns
  6821 | D:8      | Killed Psyche
  6821 | D:8      | Reached skill level 12 in Unarmed Combat
  7389 | D:9      | Noticed Erica
  7412 | D:9      | Killed Erica
  7412 | D:9      | Reached XP level 10. HP: 48/104 MP: 5/9
  7589 | D:9      | Reached skill level 8 in Fighting
  7768 | D:9      | Reached skill level 13 in Unarmed Combat
  8073 | D:10     | Entered Level 10 of the Dungeon
  8227 | D:10     | Killed an unseen horror
  8309 | D:10     | Noticed a two-headed ogre
  8331 | D:10     | Killed a two-headed ogre
  8427 | D:10     | Gained mutation: You are hated by all. [Ru sacrifice]
  8802 | D:11     | Reached XP level 11. HP: 86/113 MP: 10/10
  8810 | D:11     | Reached skill level 14 in Unarmed Combat
  8817 | D:11     | Reached skill level 9 in Fighting
  8947 | D:11     | Found a staircase to the Lair.
  9206 | D:11     | Got a sparkling bronze ring
  9208 | D:11     | Identified the ring of the Vanishing Shrikes {Int+5 Slay+2 Stlth+} (You found it on level 11 of the Dungeon)
  9322 | D:11     | Found a staircase to the Orcish Mines.
  9698 | Lair:1   | Entered Level 1 of the Lair of Beasts
  9783 | Lair:1   | Noticed a five-headed hydra
  9791 | Lair:1   | HP: 25/115 [ten-headed hydra (9)]
  9791 | Lair:1   | HP: 10/115 [hippogriff (7)]
  9792 | Lair:1   | Killed an 11-headed hydra
  9792 | Lair:1   | Reached skill level 15 in Unarmed Combat
 10368 | Lair:1   | Gained mutation: You cannot study or cast Fire magic. [Ru sacrifice]
 10368 | Lair:1   | Gained mutation: You cannot study or cast Hexes magic. [Ru sacrifice]
 10368 | Lair:1   | Gained mutation: You cannot study or cast Charms magic. [Ru sacrifice]
 10368 | Lair:1   | Reached ****** piety under Ru
 10394 | Lair:1   | Reached skill level 10 in Fighting
 10513 | Lair:1   | Reached XP level 12. HP: 121/126 MP: 11/11
 10658 | Lair:1   | Noticed an eight-headed hydra
 10839 | Lair:2   | Reached skill level 16 in Unarmed Combat
 11061 | Lair:2   | Reached skill level 1 in Armour
 11334 | Lair:2   | Reached skill level 2 in Armour
 11528 | Lair:2   | Got a twitching iron amulet
 11529 | Lair:2   | Identified the amulet of Segoj {Gourm *Corrode +Fly rF+ Str+4} (You found it on level 2 of the Lair of Beasts)
 11665 | Lair:3   | Reached skill level 3 in Armour
 11749 | Lair:3   | Noticed Rupert
 11764 | Lair:3   | Paralysed by Rupert for 7 turns
 11776 | Lair:3   | Killed Rupert
 11776 | Lair:3   | Reached skill level 11 in Fighting
 11914 | Lair:3   | Noticed Nergalle
 11925 | Lair:3   | Killed Nergalle
 11925 | Lair:3   | Reached skill level 4 in Armour
 12050 | Lair:3   | Noticed a five-headed hydra
 12071 | Lair:3   | Killed a ten-headed hydra
 12071 | Lair:3   | Reached XP level 13. HP: 66/137 MP: 12/12
 12747 | Lair:4   | Found a staircase to the Shoals.
 13059 | Lair:4   | Found a hole to the Spider Nest.
 13261 | Lair:4   | Reached skill level 5 in Armour
 14027 | Lair:5   | Found a staircase to the Slime Pits.
 14047 | Lair:5   | Reached skill level 17 in Unarmed Combat
 14530 | Lair:6   | Entered Level 6 of the Lair of Beasts
 14680 | Lair:6   | Noticed Nessos
 14785 | Lair:6   | Killed Nessos
 14889 | Lair:6   | Reached skill level 6 in Armour
 15068 | Lair:6   | HP: 26/139 [komodo dragon (20)]
 15073 | Lair:6   | HP: 27/139 [poisoned by a spiny frog]
 15078 | Lair:6   | HP: 28/139 [poisoned by a spiny frog]
 15085 | Lair:6   | HP: 31/139 [poisoned by a spiny frog]
 15250 | Lair:6   | Reached skill level 12 in Fighting
 15364 | Lair:6   | Got a faintly glowing hand axe
 16092 | Lair:6   | Noticed a dire elephant
 16092 | Lair:6   | Noticed a dire elephant
 16106 | Lair:6   | Killed a dire elephant
 16111 | Lair:6   | Killed a dire elephant
 16111 | Lair:6   | Reached XP level 14. HP: 133/149 MP: 13/13
 16148 | Lair:6   | Reached skill level 7 in Armour
 17364 | D:13     | Found Uquener's Elemental Accessories.
 17507 | D:13     | Found a labyrinth entrance.
 17512 | Lab      | Entered a labyrinth
 17984 | Lab      | Identified the Guide on Shifting Feathers
 17985 | Lab      | Got a twisted hunting sling
 17985 | Lab      | Got a shadowed robe
 17996 | Lab      | Identified the +2 robe of the Eagle {+Blink rElec Str-4 Dex+4} (You found it in a labyrinth)
 18211 | D:13     | Reached skill level 8 in Armour
 18890 | D:14     | Noticed Agnes
 18899 | D:14     | Killed Agnes
 18899 | D:14     | Reached skill level 18 in Unarmed Combat
 19184 | D:14     | HP: 18/150 [efreet/bolt of fire (37)]
 19190 | D:14     | HP: 14/150 [something/blast of calcifying dust (3)]
 19522 | Orc:1    | Entered Level 1 of the Orcish Mines
 19548 | Orc:1    | Reached skill level 9 in Armour
 19919 | Orc:2    | Entered Level 2 of the Orcish Mines
 19933 | Orc:2    | Noticed an orc warlord
 20006 | Orc:1    | Killed an orc warlord
 20006 | Orc:1    | Reached skill level 13 in Fighting
 20590 | Orc:1    | HP: 38/153 [troll (2)]
 20593 | Orc:1    | HP: 11/153 [ogre/giant club (12)]
 21364 | Orc:2    | Found a staircase to the Elven Halls.
 21417 | Orc:2    | Reached skill level 10 in Armour
 21437 | Orc:2    | Reached XP level 15. HP: 148/161 MP: 14/14
 21503 | Orc:2    | Found Hoasiyck's Weapon Shoppe.
 21508 | Orc:2    | Found Yhin Nurgh's Weapon Shop.
 21518 | Orc:2    | Found Ograetys's Gadget Emporium.
 21519 | Orc:2    | Found Talast's Armour Emporium.
 21756 | Orc:2    | Bought a wand of acid (13) for 442 gold pieces
 21808 | Orc:2    | Found Ygiafiwk's Armour Shop.
 22547 | D:14     | Found a gate to the Vaults.
 22701 | D:14     | Reached skill level 11 in Armour
 23638 | D:15     | Entered Level 15 of the Dungeon
 23641 | D:15     | Noticed Azrael
 24001 | Shoals:1 | Entered Level 1 of the Shoals
 24012 | Shoals:1 | HP: 38/162 [sea snake (12)]
 24013 | Shoals:1 | Reached skill level 19 in Unarmed Combat
 24013 | Shoals:1 | Reached skill level 12 in Armour
 24030 | Shoals:1 | HP: 30/162 [merfolk/tomahawk (18)]
 24037 | Shoals:1 | Found a frozen archway.
 24265 | Shoals:1 | Upgraded the game from 0.22-a0-377-g846bec1 to 0.22-a0-379-ga9d99d6
 24375 | Shoals:1 | Reached skill level 14 in Fighting
 24760 | Shoals:1 | Got a warped robe
 24761 | Shoals:1 | Identified the +5 robe of Whack-A-Mole {*Corrode rN+ SInv Stlth+} (You took it off a merfolk impaler on level 1 of the Shoals)
 25021 | Shoals:2 | Reached XP level 16. HP: 154/172 MP: 15/15
 25287 | Shoals:2 | HP: 43/172 [faun/uncursed quarterstaff (7)]
 25293 | Shoals:2 | HP: 39/172 [faun/uncursed quarterstaff (8)]
 25783 | D:7      | Bought a glowing shield for 195 gold pieces
 25793 | D:7      | Killed WiseOSalty's ghost
 25895 | Lair:1   | Reached skill level 1 in Shields
 26146 | Shoals:3 | Noticed a kraken
 26213 | Shoals:3 | Got a shimmering golden ring
 26214 | Shoals:3 | Reached skill level 2 in Shields
 26235 | Shoals:3 | Reached skill level 3 in Shields
 26389 | Shoals:3 | Reached skill level 4 in Shields
 26605 | Shoals:3 | Identified the ring "Trusted Companion" {Str+6 Slay+5} (You found it on level 3 of the Shoals)
 26767 | Shoals:3 | Identified a scroll of acquirement
 26899 | Shoals:4 | Entered Level 4 of the Shoals
 27068 | Shoals:3 | Reached skill level 5 in Shields
 27212 | Shoals:3 | HP: 43/172 [alligator snapping turtle (16)]
 27446 | Shoals:4 | Reached skill level 6 in Shields
 27777 | Shoals:3 | HP: 27/172 [tentacle[a kraken] (23)]
 27783 | Shoals:3 | HP: 30/172 [poisoned by a merfolk javelineer]
 27788 | Shoals:3 | HP: 34/172 [poisoned by a merfolk javelineer]
 27793 | Shoals:3 | HP: 38/172 [poisoned by a merfolk javelineer]
 27974 | Shoals:4 | Noticed Polyphemus
 28025 | Shoals:3 | Killed Polyphemus
 28025 | Shoals:3 | Reached skill level 7 in Shields
 28026 | Shoals:3 | HP: 43/172 [drowned by a water elemental (6)]
 28208 | Shoals:4 | Got a barnacled rune of Zot
 28208 | Shoals:4 | HP: 26/172 [satyr/arrow (27)]
 28208 | Shoals:4 | HP: 9/172 [water elemental (17)]
 28209 | Shoals:4 | Killed from afar by a wind drake

Vault maps used:
D:1:      dpeg_arrival_simpleton_a
D:2:      chequers_temple_overflow_statue_of_worship, grunt_ministairs_5,
          roderic_serpentine_path, nrook_mini_vaults, minmay_hexomino_f4
D:3:      elyvilon_altar_4, uniq_sigmund
D:4:      marbit_many_paths
D:5:      first_ration, serial_co_window_serial, co_window_corner_a,
          co_window_paths_a, co_window_corner_a, co_window_paths_a,
          co_window_of_opportunity_a, co_window_broadway_a, co_window_corner_ca,
          co_window_unsneaky_path_b, glass_columns_b, glass_columns_b,
          glass_columns_a, glass_columns_b, tgw_kikubaaqudgha,
          uniq_crazy_yiuf_cottage, uniq_grinder
D:6:      minmay_temple_entry_large_hall, portal_sewer_entry_a,
          uniq_blork_the_orc, uniq_menkaure, uniq_eustachio
D:7:      serial_shops, shop, lightli_ossuary_entry_decrepit_ruins, the_bakery,
          roderic_lattice_a
D:8:      trog_ov_bears_minmay, serial_shops, nicolae_shop_behind_doors,
          mrwooster_statue_mirror, kennysheep_generic_room_15, uniq_psyche,
          uniq_prince_ribbit1
D:9:      minmay_misc_feat_doors, uniq_erica
D:10:     kennysheep_boxes
D:11:     minmay_lair_entry_lava, erik_orc_1
D:13:     lab_entry_generic, nicolae_elemental_shop
D:14:     david_vaults_2, spider_trap, aerie_lemuel, uniq_agnes
D:15:     grunt_enter_depths_hoard, minmay_misc_feat_roman, enter_trove_6,
          uniq_azrael
Lair:1:   cheibrodos_lair_reptile_den, grunt_megastairs_5, lemuel_fruit_tree
Lair:2:   special_room, lemuel_fruit_fields
Lair:3:   grunt_megastairs_1, lemuel_fruit_fields, uniq_nergalle, uniq_rupert
Lair:4:   elwin_shoals_entry_stream, dummy_spider_entry,
          infiniplex_staircase_pool
Lair:5:   nicolae_slime_entry_slimehenge
Lair:6:   due_jungle_book, fungi_pond_lemuel, uniq_nessos
Shoals:1: portal_ice_cave_entry_pillars_three
Shoals:4: shoals_end_grunt_garden, shoal_ilsuiw, uniq_polyphemus
Orc:2:    st_orc_open, serial_shops, shop
Lab:      lab_hedge, labyrinth_lava_lair
Sewer:    kennysheep_sewer_church
Ossuary:  ossuary_crypta

Skill      XL: |  1  2  3  4  5  6  7  8  9 10 11 12 13 14 15 16 |
---------------+-------------------------------------------------+-----
Unarmed Combat | 4 5 6 10 11 12 13 15 16 17 18 19 | 19.3
Fighting       | 3 4 6 7 8 10 11 12 13 14 | 14.3
Stealth        | 0 |  0.0
Armour         | 4 6 10 12 | 12.9
Shields        | 7 |  7.6
Dodging        | |  2.5

Action                   |  1- 3 |  4- 6 |  7- 9 | 10-12 | 13-15 | 16-18 || total
-------------------------+-------+-------+-------+-------+-------+-------++-------
Melee: Unarmed           |   128 |   205 |   411 |   619 |  1073 |   259 ||  2695
       Punch             |       |     4 |     8 |    50 |   128 |    15 ||   205
Throw: Large rock        |       |       |       |     7 |    12 |     2 ||    21
       Javelin           |       |       |       |       |    52 |       ||    52
Invok: Sacrifice Stealth |       |     1 |       |       |       |       ||     1
       Sacrifice Experie |       |     1 |       |       |       |       ||     1
       Power Leap        |       |       |     1 |     1 |     2 |       ||     4
       Sacrifice Resista |       |       |     1 |       |       |       ||     1
       Draw Out Power    |       |       |       |     1 |     1 |       ||     2
       Sacrifice Love    |       |       |       |     1 |       |       ||     1
       Sacrifice Arcana  |       |       |       |     1 |       |       ||     1
       Apocalypse        |       |       |       |       |     1 |     1 ||     2
Evoke: Wand              |       |       |       |       |     7 |       ||     7
  Use: Scroll            |       |     5 |    17 |     5 |     4 |     4 ||    35
       Potion            |       |       |       |       |     4 |     1 ||     5
 Stab: Sleeping          |     1 |     2 |       |       |       |       ||     3
       Paralysed         |       |       |     1 |    19 |     8 |     5 ||    33
       Invisible         |       |       |       |     6 |    12 |     3 ||    21
       Distracted        |       |       |       |     3 |     4 |     1 ||     8
  Eat: Chunk             |    14 |    20 |    39 |    50 |   120 |    33 ||   276
Armor: Robe              |    69 |    60 |   110 |    86 |       |       ||   325
       Steam dragon scal |       |       |       |   166 |   436 |   191 ||   793
Dodge: Dodged            |    69 |    74 |   195 |   347 |   517 |   144 ||  1346
Block: Shield            |       |       |       |       |       |   193 ||   193
       Reflection        |       |       |       |       |       |     4 ||     4

Table legend:
 A = Spawn XP
 B = Non-spawn XP
 C = Spawn XP percentage of total XP
 D = Spawn monster count
 E = Non-spawn monster count
 F = Spawn count percentage of total count
 G = Total turns spent on level
                    A         B        C        D         E        F      G
               +---------+---------+-------+---------+---------+-------+---------
         Total |       0 |  202114 |   0.0 |       0 |     933 |   0.0 | 28209
               +---------+---------+-------+---------+---------+-------+---------
           D:1 |       0 |      33 |   0.0 |       0 |      21 |   0.0 |   595
           D:2 |       0 |     115 |   0.0 |       0 |      27 |   0.0 |   836
           D:3 |       0 |     111 |   0.0 |       0 |      17 |   0.0 |   706
           D:4 |       0 |     269 |   0.0 |       0 |      14 |   0.0 |   808
           D:5 |       0 |     882 |   0.0 |       0 |      19 |   0.0 |   984
           D:6 |       0 |     782 |   0.0 |       0 |      17 |   0.0 |   891
           D:7 |       0 |    1650 |   0.0 |       0 |      17 |   0.0 |   785
           D:8 |       0 |    2526 |   0.0 |       0 |      30 |   0.0 |  1215
           D:9 |       0 |    2749 |   0.0 |       0 |      40 |   0.0 |   842
          D:10 |       0 |    3265 |   0.0 |       0 |      44 |   0.0 |   696
          D:11 |       0 |    5800 |   0.0 |       0 |      57 |   0.0 |  1279
          D:12 |       0 |    1745 |   0.0 |       0 |      14 |   0.0 |   649
          D:13 |       0 |    9973 |   0.0 |       0 |      49 |   0.0 |  1305
          D:14 |       0 |   29241 |   0.0 |       0 |      86 |   0.0 |  1770
          D:15 |       0 |     364 |   0.0 |       0 |       1 |   0.0 |     6
        Lair:1 |       0 |    7096 |   0.0 |       0 |      37 |   0.0 |   985
        Lair:2 |       0 |    6426 |   0.0 |       0 |      47 |   0.0 |   972
        Lair:3 |       0 |   10672 |   0.0 |       0 |      30 |   0.0 |  1161
        Lair:4 |       0 |    4761 |   0.0 |       0 |      14 |   0.0 |  1222
        Lair:5 |       0 |    5186 |   0.0 |       0 |      21 |   0.0 |  1426
        Lair:6 |       0 |   20056 |   0.0 |       0 |      49 |   0.0 |  1511
      Shoals:1 |       0 |   18328 |   0.0 |       0 |      38 |   0.0 |   915
      Shoals:2 |       0 |   12845 |   0.0 |       0 |      28 |   0.0 |   692
      Shoals:3 |       0 |   24393 |   0.0 |       0 |      39 |   0.0 |  1954
      Shoals:4 |       0 |    8635 |   0.0 |       0 |      17 |   0.0 |    83
         Orc:1 |       0 |   13103 |   0.0 |       0 |      68 |   0.0 |  1580
         Orc:2 |       0 |    9294 |   0.0 |       0 |      40 |   0.0 |  1303
           Lab |       0 |    1261 |   0.0 |       0 |       5 |   0.0 |   527
         Sewer |       0 |     363 |   0.0 |       0 |      35 |   0.0 |   293
       Ossuary |       0 |     190 |   0.0 |       0 |      12 |   0.0 |   218
               +---------+---------+-------+---------+---------+-------+---------

Vault maps used:
D:1:      dpeg_arrival_simpleton_a
D:2:      chequers_temple_overflow_statue_of_worship, grunt_ministairs_5,
          roderic_serpentine_path, nrook_mini_vaults, minmay_hexomino_f4
D:3:      elyvilon_altar_4, uniq_sigmund
D:4:      marbit_many_paths
D:5:      first_ration, serial_co_window_serial, co_window_corner_a,
          co_window_paths_a, co_window_corner_a, co_window_paths_a,
          co_window_of_opportunity_a, co_window_broadway_a, co_window_corner_ca,
          co_window_unsneaky_path_b, glass_columns_b, glass_columns_b,
          glass_columns_a, glass_columns_b, tgw_kikubaaqudgha,
          uniq_crazy_yiuf_cottage, uniq_grinder
D:6:      minmay_temple_entry_large_hall, portal_sewer_entry_a,
          uniq_blork_the_orc, uniq_menkaure, uniq_eustachio
D:7:      serial_shops, shop, lightli_ossuary_entry_decrepit_ruins, the_bakery,
          roderic_lattice_a
D:8:      trog_ov_bears_minmay, serial_shops, nicolae_shop_behind_doors,
          mrwooster_statue_mirror, kennysheep_generic_room_15, uniq_psyche,
          uniq_prince_ribbit1
D:9:      minmay_misc_feat_doors, uniq_erica
D:10:     kennysheep_boxes
D:11:     minmay_lair_entry_lava, erik_orc_1
D:13:     lab_entry_generic, nicolae_elemental_shop
D:14:     david_vaults_2, spider_trap, aerie_lemuel, uniq_agnes
D:15:     grunt_enter_depths_hoard, minmay_misc_feat_roman, enter_trove_6,
          uniq_azrael
Lair:1:   cheibrodos_lair_reptile_den, grunt_megastairs_5, lemuel_fruit_tree
Lair:2:   special_room, lemuel_fruit_fields
Lair:3:   grunt_megastairs_1, lemuel_fruit_fields, uniq_nergalle, uniq_rupert
Lair:4:   elwin_shoals_entry_stream, dummy_spider_entry,
          infiniplex_staircase_pool
Lair:5:   nicolae_slime_entry_slimehenge
Lair:6:   due_jungle_book, fungi_pond_lemuel, uniq_nessos
Shoals:1: portal_ice_cave_entry_pillars_three
Shoals:4: shoals_end_grunt_garden, shoal_ilsuiw, uniq_polyphemus
Orc:2:    st_orc_open, serial_shops, shop
Lab:      lab_hedge, labyrinth_lava_lair
Sewer:    kennysheep_sewer_church
Ossuary:  ossuary_crypta

Table legend:
 A = Turns spent in this place as a percentage of turns spent in the entire game.
 B = Non-inter-level travel turns spent in this place as a percentage of non-inter-level travel turns spent in the entire game.
 C = Inter-level travel turns spent in this place as a percentage of turns spent in this place.
 D = Turns resting spent in this place as a percentage of non-inter-level travel turns spent in this place.
 E = Turns spent auto-exploring this place as a percentage of non-inter-level travel turns spent in this place.
 F = Non-inter-level travel turns spent in this place divided by the number of levels of this place that you've seen.
                   A       B       C       D       E      F
               +-------+-------+-------+-------+-------+----------------------
         Total | 100.0 | 100.0 |   6.9 |  26.3 |  46.5 | 875.1
       Dungeon |  47.4 |  46.9 |   7.8 |  16.9 |  59.5 | 821.7
          Lair |  25.8 |  25.3 |   8.5 |  28.3 |  49.5 | 1109.2
        Shoals |  12.9 |  13.4 |   3.8 |  42.3 |  15.1 | 876.8
  Orcish Mines |  10.2 |  10.4 |   5.4 |  50.7 |  28.8 | 1364.0
     Labyrinth |   1.9 |   2.0 |   0.0 |  14.0 |   0.0 | 527.0
         Sewer |   1.0 |   1.1 |   0.0 |   0.0 |  45.1 | 293.0
       Ossuary |   0.8 |   0.8 |   0.0 |   0.0 |  63.3 | 218.0
               +-------+-------+-------+-------+-------+----------------------

Table legend:
 A = Kills in this place as a percentage of kills in entire the game.
 B = Kills by you in this place as a percentage of kills by you in the entire game.
 C = Kills by friends in this place as a percentage of kills by friends in the entire game.
 D = Other kills in this place as a percentage of other kills in the entire game.
 E = Experience gained in this place as a percentage of experience gained in the entire game.
 F = Experience gained in this place divided by the number of levels of this place that you have seen.
                   A       B       C       D       E      F
               +-------+-------+-------+-------+-------+----------------------
         Total | 100.0 | 100.0 |   N/A | 100.0 | 100.0 | 6737.1
       Dungeon |  48.6 |  48.6 |   N/A |  42.9 |  29.4 | 3967.0
          Lair |  21.2 |  21.2 |   N/A |  28.6 |  26.8 | 9032.8
        Shoals |  13.1 |  13.1 |   N/A |  14.3 |  31.8 | 16050.2
  Orcish Mines |  11.6 |  11.6 |   N/A |  14.3 |  11.1 | 11198.5
     Labyrinth |   0.5 |   0.5 |   N/A |   0.0 |   0.6 | 1261.0
         Sewer |   3.8 |   3.8 |   N/A |   0.0 |   0.2 | 363.0
       Ossuary |   1.3 |   1.3 |   N/A |   0.0 |   0.1 | 190.0
               +-------+-------+-------+-------+-------+----------------------
